Map: Jagannatha LE

Players

Dark - Winner!

  • Race: Zerg Zerg
  • Spawn Location: 1:00

Serral

  • Race: Zerg Zerg
  • Spawn Location: 7:00

Event: TSL 6

VOD

Have the link to the VOD?

Description

Time

  • Played on: Dec. 20, 2020, 6:06 p.m.
  • Length: 7:05

All games in this series

Show
View Real Time Build Order
Export as new Build Order

Dark Zerg - Winner!

Build Orders: Hatch First 

Get SALT Encoding   

  12  0:00  Drone  
  13  0:12  Overlord  
  13  0:17  Drone  
  14  0:30  Drone x2  
  16  0:49  Hatchery  
  15  0:51  Drone  
  15  0:55  Drone  
  17  0:58  Drone  
  18  1:09  Extractor  
  17  1:14  Spawning Pool  
  17  1:17  Drone  
  17  1:20  Drone  
  18  1:29  Drone  
  19  1:39  Drone  
  20  1:50  Drone  
  21  2:00  Queen x2  
  25  2:01  Zergling x2  
  25  2:02  Drone  
  27  2:11  Overlord  
  27  2:12  Drone  
  27  2:13  Metabolic Boost  
  30  2:30  Drone x2  
  30  2:33  Drone x2  
  32  2:42  Hatchery  
  31  2:47  Queen  
  33  2:55  Baneling Nest  
  33  2:57  Overlord  
  32  3:04  Evolution Chamber  
  32  3:06  Zergling x4  
  32  3:10  Evolution Chamber  
  32  3:11  Zergling x6  
  36  3:14  Evolution Chamber  
  36  3:16  Evolution Chamber  
  36  3:19  Evolution Chamber  
  32  3:21  Zergling x2  
  32  3:26  Zergling x2  
  30  3:39  Evolution Chamber  
  30  3:41  Queen  
  27  3:42  Zergling x4  
  27  3:43  Drone  
  27  3:47  Baneling  
  27  3:48  Baneling  
  32  3:54  Baneling  
  32  3:55  Drone x2  
  34  3:57  Drone  
  34  3:59  Drone  
  36  4:03  Drone  
  36  4:05  Drone  
  36  4:08  Drone  
  39  4:20  Drone  
  39  4:21  Drone  
  41  4:25  Drone x3  
  41  4:30  Lair  
  44  4:33  Overlord  
  44  4:38  Roach Warren  
  43  4:41  Zerg Missile Weapons Level 1  
  43  4:43  Drone  
  44  4:51  Drone x5  
  49  4:53  Drone  
  49  4:55  Drone  
  49  4:57  Drone  
  52  5:06  Extractor  
  51  5:08  Extractor, Queen, Overlord  
  52  5:16  Overlord  
  52  5:24  Overlord  
  52  5:27  Drone x2  
  54  5:28  Glial Reconstitution  
  54  5:31  Overseer  
  54  5:33  Roach x2  
  58  5:36  Roach  
  58  5:38  Roach  
  58  5:41  Roach  
  64  5:44  Roach  
  64  5:48  Roach  
  68  5:50  Roach  
  68  5:53  Roach  
  68  5:55  Spine Crawler  
  71  5:58  Roach  
  71  6:00  Roach  
  75  6:11  Overlord  
  76  6:15  Overlord  
  76  6:18  Nydus Network  
  76  6:23  Queen, Hatchery  
  76  6:24  Overlord  
  76  6:28  Queen  
  76  6:31  Roach x2  
  82  6:34  Roach x2  
  84  6:40  Roach  
  84  6:41  Roach  
  84  6:43  Roach  
Show
View Real Time Build Order
Export as new Build Order

Serral Zerg 

Build Orders: Pool First 

Get SALT Encoding   

  12  0:00  Drone  
  13  0:12  Overlord  
  13  0:17  Drone  
  14  0:30  Drone x2  
  16  0:38  Extractor  
  16  0:41  Spawning Pool  
  14  0:46  Drone  
  15  1:10  Hatchery  
  14  1:15  Drone  
  15  1:28  Zergling x4  
  15  1:29  Zergling x2  
  18  1:37  Metabolic Boost  
  18  1:49  Queen  
  20  1:55  Zergling x2  
  21  2:03  Baneling Nest  
  20  2:09  Overlord  
  20  2:14  Zergling x2  
  21  2:18  Zergling x2  
  22  2:23  Zergling x2  
  22  2:27  Zergling x2  
  24  2:36  Zergling x4  
  25  2:44  Zergling x2  
  25  2:45  Zergling x2  
  27  2:54  Baneling x4  
  27  3:00  Zergling x2  
  27  3:01  Zergling x2  
  29  3:10  Zergling x4  
  29  3:22  Baneling  
  29  3:23  Baneling  
  29  3:25  Zergling x4  
  23  3:43  Zergling x4  
  23  3:46  Drone  
  26  3:49  Drone  
  26  3:52  Drone  
  27  3:59  Drone x2  
  27  4:02  Drone  
  28  4:09  Lair  
  28  4:12  Extractor  
  28  4:14  Drone  
  28  4:20  Drone  
  28  4:23  Drone  
  30  4:26  Drone  
  30  4:31  Overlord  
  31  4:35  Drone  
  31  4:38  Drone  
  33  4:41  Drone  
  33  4:45  Drone  
  35  4:50  Drone  
  35  4:51  Drone  
  37  4:54  Drone  
  37  4:56  Drone  
  39  5:01  Drone  
  40  5:09  Spire  
  40  5:14  Extractor, Drone  
  38  5:15  Extractor  
  38  5:16  Drone  
  38  5:18  Drone  
  40  5:24  Drone  
  40  5:27  Overlord  
  41  5:33  Queen  
  43  5:42  Overlord  
  43  5:45  Drone x4  
  43  5:48  Drone  
  48  5:51  Drone  
  48  5:55  Overlord  
  49  6:15  Drone x3  
  49  6:16  Overlord  
  52  6:21  Mutalisk x3  
  58  6:30  Spine Crawler  
  58  6:31  Mutalisk  
  59  6:34  Spine Crawler, Baneling x2  
  59  6:36  Mutalisk  
  59  6:39  Mutalisk  
Tags
 
Add a new tag
Caveats
  • Supply blocks, unpowered buildings, or Contaminate may cause inaccurate times.
  • Supply counts are checked every 10 seconds.